 Dungeon Crawl Stone Soup version 0.30-a0-145-g03d90e2e6d (webtiles) character file.

Game seed: 1299894386207422664

841 qw the Chopper (level 8, -5/48 HPs)
             Began as a Gargoyle Fighter on Sept 26, 2022.
             Was a Follower of Okawaru.
             Engulfed by a steam dragon's steam (10 damage)
             ... on level 6 of the Dungeon.
             The game lasted 00:01:44 (4203 turns).

qw the Chopper (Gargoyle Fighter)                   Turns: 4203, Time: 00:01:44

Health: -5/48      AC: 22    Str: 23    XL:     8   Next: 0%
Magic:  8/10       EV: 12    Int:  8    God:    Okawaru [*.....]
Gold:   443        SH:  6    Dex:  9    Spells: 7/7 levels left

rFire   . . .      SeeInvis .    Y - +0 broad axe
rCold   + . .      Faith    .    j - +1 buckler of Tenacity {rC+}
rNeg    + . .      Spirit   .    b - +1 plate armour
rPois   inf        Reflect  .    (no helmet)
rElec   +          Harm     .    a - +0 cloak
rCorr   .          Rampage  .    (no gloves)
Will    .....                    (no boots)
Stlth   ..........               (no amulet)
HPRegen 0.16/turn                o - +4 ring of evasion
MPRegen 0.12/turn                (no ring)

@: about to teleport, heroic
A: sickness immunity, AC +5, negative energy resistance 1, electricity
resistance, torment resistance 1, petrification resistance
a: Renounce Religion, Heroism


You were on level 6 of the Dungeon.
You worshipped Okawaru.
Okawaru was aware of your devotion.
You visited 1 branch of the dungeon, and saw 6 of its levels.

You collected 443 gold pieces.


Innate Abilities, Weirdness & Mutations

You are immune to sickness and miasma.
Your stone body is resilient. (AC +5)
You are immune to poison.
You resist negative energy. (rN+)
You are resistant to electric shocks. (rElec)
You are resistant to unholy torment.
You are immune to petrification.


   Skills:
 - Level 4.1(9.1) Fighting
 + Level 6.7(11.7) Axes
 - Level 4.3(9.3) Armour
 - Level 3.2(8.2) Shields
 + Level 3.4 Invocations


You had 7 spell levels left.
You didn't know any spells.
Your spell library was empty.

Inventory:

Hand Weapons
 g - a +0 flail
 Y - a +0 broad axe (weapon)
Armour
 a - a +0 cloak (worn)
 b - a +1 plate armour (worn)
 j - the +1 buckler of Tenacity (worn) {rC+}
   (You acquired it on level 5 of the Dungeon)

   rC:        It protects you from cold.
Jewellery
 o - a +4 ring of evasion (left hand)
Scrolls
 k - a scroll of identify
Potions
 d - 4 potions of might
 e - 2 potions of attraction
 h - a potion of haste
 i - a potion of cancellation
 n - a potion of magic {unknown}

Dungeon Overview and Level Annotations

Branches:
Dungeon (6/15)             Temple (0/1) D:4

Altars:
Okawaru
Qazlal
Yredelemnul

Shops:
D:3 (

Annotations:
D:5 1 runed translucent door, Crazy Yiuf


Message History

4195 ||| Stepping ~*~*~tactically~*~*~ (water).
The ogre barely misses you.
You slash the steam dragon!
The steam dragon is heavily wounded.
You barely miss the ogre.
You block the steam dragon's attack. x2; The ogre barely misses you.
You completely miss the steam dragon.
The steam dragon is heavily wounded.
You slash the ogre! The steam dragon closely misses you.
The steam dragon claws you but does no damage.
You hit the steam dragon.
The steam dragon is heavily wounded.
You slash the ogre! You block the ogre's attack.
You block the steam dragon's attack. The steam dragon misses you.
You slash the ogre!
You kill the ogre!
Okawaru is honoured by your kill.
You slash the steam dragon! The steam dragon bites you.
You block the steam dragon's attack.
You have reached level 8!
You feel stronger.
You closely miss the steam dragon.
The steam dragon is almost dead.
The steam dragon breathes steam at you. The ball of steam hits you!!
4201 ||| READING scroll of teleportation.
As you read the scroll of teleportation, it crumbles to dust.
You feel strangely unstable.
You are engulfed in a cloud of scalding steam.
The steam dragon bites you but does no damage.
The steam dragon claws you but does no damage.
You hit the steam dragon but do no damage.
The steam dragon is almost dead.
You are engulfed in a cloud of scalding steam.
The steam dragon barely misses you. The steam dragon closely misses you.
You completely miss the steam dragon.
The steam dragon is almost dead.
You are engulfed in a cloud of scalding steam.
You die...

........###.....
###.###....###.. ###..
.. ##.......###.....
....####........¤#......
#.........##............
.....##....#.###......
.....##).##......... O .
..#....##......¤.# ....
..........>..~}.@##..$..
..>..........~~~D)..#
......#....#..~~~~#.#
#.........##...~~~# ..
##..#..##.####.)..# ..#
####.. ### #.#........
.... ..#....#. . ....
.......## .....$..#


You could see a steam dragon.

Vanquished Creatures
  Grinder (D:4)
  An ogre (D:6)
  A bullfrog (D:6)
  2 scorpions (D:5)
  A howler monkey (D:4)
  2 hounds (D:4)
  An orc priest (D:6)
  2 iguanas (D:5)
  An orc wizard (D:6)
  5 adders
  3 gnolls (D:5)
  A shadow imp (D:5)
  A white imp (D:6)
  A worm (D:5)
  A dart slug (D:2)
  12 orcs
  8 ball pythons
  4 bats
  7 endoplasms
  8 giant cockroaches
  5 goblins
  4 hobgoblins
  8 kobolds
  5 quokkas
  2 frilled lizards
  A hobgoblin zombie (D:5)
  2 kobold zombies (D:5)
  An orc zombie (D:5)
  8 rats
99 creatures vanquished.

Vanquished Creatures (others)
  A withered plant (D:3)
1 creature vanquished.

Grand Total: 100 creatures vanquished

Notes
Turn   | Place    | Note
-------+----------+-------------------------------------------
     0 | D:1      | qw the Gargoyle Fighter began the quest for the Orb.
     0 | D:1      | Reached XP level 1. HP: 14/14 MP: 1/1
     0 | D:1      | 0 ||| qw: Version: 0.2-a-10-g399e6c4
     0 | D:1      | 0 ||| qw: Game counter: 493
     0 | D:1      | 0 ||| qw: Always use a shield: true
     0 | D:1      | 0 ||| qw: God list: Okawaru
     0 | D:1      | 0 ||| qw: Allow faded altars: false
     0 | D:1      | 0 ||| qw: Do Orc after D:15 true
     0 | D:1      | 0 ||| qw: Do second Lair branch before Depths: true
     0 | D:1      | 0 ||| qw: Lair rune preference: random
     0 | D:1      | 0 ||| qw: Plans: Normal, Zot:1-4, God:TSO, Crypt, Tomb,
                  | Pan, Slime:5, Hells, Abyss, Orb
     0 | D:1      | 0 ||| PLANNING D:1-11
    33 | D:1      | Reached skill level 2 in Axes
   111 | D:1      | Reached XP level 2. HP: 19/19 MP: 2/2
   259 | D:1      | Found a faded altar of an unknown god.
   270 | D:1      | 270 ||| Stepping ~*~*~tactically~*~*~ (stealth).
   271 | D:1      | 271 ||| Stepping ~*~*~tactically~*~*~ (stealth).
   452 | D:1      | 452 ||| Stepping ~*~*~tactically~*~*~ (stealth).
   462 | D:1      | Reached skill level 3 in Axes
   475 | D:1      | Reached XP level 3. HP: 13/23 MP: 3/3
   706 | D:1      | 706 ||| READING scroll labelled OTSYGEI NOHO.
   707 | D:1      | 707 ||| READING scroll labelled RABELUMNUR.
   708 | D:1      | 708 ||| READING scroll labelled IMNOECL DUGA.
   832 | D:2      | 832 ||| DROPPING +0 club.
   835 | D:2      | 835 ||| Stepping ~*~*~tactically~*~*~ (hiding).
   904 | D:2      | 904 ||| Stepping ~*~*~tactically~*~*~ (hiding).
  1031 | D:2      | 1031 ||| Stepping ~*~*~tactically~*~*~ (stealth).
  1049 | D:2      | 1049 ||| Stepping ~*~*~tactically~*~*~ (stealth).
  1060 | D:2      | 1060 ||| Stepping ~*~*~tactically~*~*~ (stealth).
  1061 | D:2      | 1061 ||| Stepping ~*~*~tactically~*~*~ (stealth).
  1079 | D:2      | Reached XP level 4. HP: 28/28 MP: 4/4
  1389 | D:2      | 1389 ||| UPGRADING to +0 chain mail.
  1399 | D:2      | 1399 ||| DROPPING +0 scale mail.
  1400 | D:2      | 1400 ||| READING 2 scrolls labelled OBY QUISMUTHA.
  1453 | D:2      | 1453 ||| READING scroll labelled OHUVIN VANEIGA.
  1554 | D:2      | 1554 ||| READING scroll labelled QEURRA NIULL.
  1555 | D:2      | 1555 ||| READING scroll labelled VYCUT SIRGHIF.
  1556 | D:2      | 1556 ||| READING scroll labelled VIHATA ATOLODA.
  1557 | D:2      | 1557 ||| READING scroll labelled MOGATA ICALAI.
  1560 | D:2      | 1560 ||| DRINKING 2 fizzy silvery potions.
  1561 | D:2      | 1561 ||| DROPPING scroll of torment.
  1562 | D:2      | 1562 ||| DROPPING potion of degeneration.
  1595 | D:3      | Found an iron altar of Okawaru.
  1699 | D:3      | Found a basalt altar of Yredelemnul.
  1710 | D:3      | Reached skill level 4 in Axes
  1850 | D:3      | Found Toun's Weapon Emporium.
  1861 | D:3      | 1861 ||| SHOPLISTING +3 vorpal mace (301 gold, have 178).
  1861 | D:3      | 1861 ||| SHOPLISTING +9 hand axe "Tetrikk" {vorpal, rF+
                  | Str+2 Stlth+} (987 gold, have 178).
  2064 | D:3      | 2064 ||| UPGRADING to +0 plate armour.
  2074 | D:3      | 2074 ||| DROPPING +0 chain mail.
  2075 | D:3      | 2075 ||| READING scroll of enchant armour.
  2075 | D:3      | 2075 ||| ENCHANTING +0 plate armour.
  2076 | D:3      | 2076 ||| READING scroll labelled VIAPLE ROLAU.
  2077 | D:3      | 2077 ||| READING scroll labelled WEJETZ EKAI.
  2078 | D:3      | 2078 ||| DRINKING 2 emerald potions.
  2079 | D:3      | 2079 ||| DRINKING 2 bubbling cyan potions.
  2184 | D:3      | 2184 ||| DROPPING potion of berserk rage.
  2190 | D:3      | 2190 ||| PLANNING OKAWARU WORSHIP
  2190 | D:3      | Became a worshipper of Warmaster Okawaru
  2191 | D:3      | 2191 ||| PLANNING D:1-11
  2285 | D:4      | Noticed Grinder
  2293 | D:4      | Paralysed by Grinder for 5 turns
  2298 | D:4      | Killed Grinder
  2299 | D:4      | Reached skill level 5 in Axes
  2299 | D:4      | Reached XP level 5. HP: 13/32 MP: 5/5
  2299 | D:4      | Reached XP level 6. HP: 16/37 MP: 6/6
  2347 | D:4      | 2347 ||| Stepping ~*~*~tactically~*~*~ (stealth).
  2348 | D:4      | 2348 ||| Stepping ~*~*~tactically~*~*~ (stealth).
  2513 | D:4      | Found a staircase to the Ecumenical Temple.
  2525 | D:4      | 2525 ||| Stepping ~*~*~tactically~*~*~ (stealth).
  2576 | D:4      | 2576 ||| SWAPPING to +0 broad axe.
  2596 | D:4      | Reached * piety under Okawaru
  2597 | D:4      | Reached skill level 6 in Axes
  2806 | D:4      | 2806 ||| DROPPING +1 war axe.
  3026 | D:4      | 3026 ||| UPGRADING to +0 cloak.
  3031 | D:4      | 3031 ||| UPGRADING to +4 ring of evasion.
  3032 | D:4      | 3032 ||| READING 2 scrolls of identify.
  3032 | D:4      | 3032 ||| IDENTIFYING golden potion
  3033 | D:4      | 3033 ||| DROPPING potion of flight.
  3064 | D:5      | Entered Level 5 of the Dungeon
  3065 | D:5      | 3065 ||| PLANNING SEWER
  3098 | D:5      | 3098 ||| DROPPING +0 whip.
  3104 | D:5      | Found a stormy altar of Qazlal.
  3121 | D:5      | Reached XP level 7. HP: 41/43 MP: 7/7
  3135 | D:5      | 3135 ||| READING 3 scrolls of teleportation.
  3137 | D:5      | 3137 ||| FLEEEEING.
  3138 | D:5      | 3138 ||| FLEEEEING.
  3139 | D:5      | 3139 ||| FLEEEEING.
  3149 | D:5      | 3149 ||| INVOKING Heroism.
  3243 | D:5      | 3243 ||| Stepping ~*~*~tactically~*~*~ (stealth).
  3245 | D:5      | 3245 ||| INVOKING Heroism.
  3250 | D:5      | Reached skill level 1 in Invocations
  3606 | D:5      | Found a runed translucent door.
  3607 | D:5      | Noticed Crazy Yiuf
  3669 | D:5      | Found a glowing drain.
  3670 | D:5      | 3670 ||| READING scroll labelled DEGOOM SAMUTUA.
  3671 | D:5      | 3671 ||| READING scroll labelled FAJULI IKKUDOP.
  3671 | D:5      | Identified a scroll of acquirement
  3671 | D:5      | 3671 ||| ACQUIRING +1 buckler of Tenacity {rC+}
  3671 | D:5      | Acquired the +1 buckler of Tenacity {rC+}
  3673 | D:5      | 3673 ||| UPGRADING to +1 buckler of Tenacity {rC+}.
  3683 | D:5      | 3683 ||| DROPPING +0 buckler.
  3684 | D:5      | 3684 ||| DRINKING 2 fizzy grey potions.
  3685 | D:5      | 3685 ||| READING 2 scrolls of identify.
  3685 | D:5      | 3685 ||| IDENTIFYING viscous white potion
  3689 | D:5      | 3689 ||| READING 3 scrolls of teleportation.
  3719 | D:5      | 3719 ||| READING 2 scrolls of teleportation.
  3763 | D:5      | 3763 ||| Stepping ~*~*~tactically~*~*~ (stealth).
  3809 | D:5      | 3809 ||| Stepping ~*~*~tactically~*~*~ (stealth).
  3831 | D:5      | 3831 ||| Stepping ~*~*~tactically~*~*~ (stealth).
  3965 | D:5      | 3965 ||| RIP SEWER
  3965 | D:5      | 3965 ||| PLANNING D:1-11
  3965 | D:5      | 3965 ||| READING scroll labelled ECADGHO FORU.
  3966 | D:5      | 3966 ||| READING 2 scrolls of identify.
  3966 | D:5      | 3966 ||| IDENTIFYING viscous clear potion
  3967 | D:5      | 3967 ||| DROPPING potion of ambrosia.
  4021 | D:6      | 4021 ||| Stepping ~*~*~tactically~*~*~ (stealth).
  4023 | D:6      | 4023 ||| Stepping ~*~*~tactically~*~*~ (hiding).
  4024 | D:6      | 4024 ||| Stepping ~*~*~tactically~*~*~ (hiding).
  4028 | D:6      | 4028 ||| INVOKING Heroism.
  4047 | D:6      | 4047 ||| Stepping ~*~*~tactically~*~*~ (hiding).
  4069 | D:6      | Reached skill level 3 in Invocations
  4190 | D:6      | 4190 ||| Stepping ~*~*~tactically~*~*~ (stealth).
  4190 | D:6      | Noticed a steam dragon
  4191 | D:6      | 4191 ||| INVOKING Heroism.
  4195 | D:6      | 4195 ||| Stepping ~*~*~tactically~*~*~ (water).
  4200 | D:6      | Reached XP level 8. HP: 27/48 MP: 8/10
  4200 | D:6      | HP: 6/48 [steam dragon/ball of steam (22)]
  4201 | D:6      | 4201 ||| READING scroll of teleportation.
  4203 | D:6      | Engulfed by a steam dragon's steam

Levels and vault maps discovered:
D:1:      erik_arrival_orb_chamber, layout_rooms,
          hellmonk_ecumenical_altar_inner_sanctum,
          chequers_serial_rivers_micro_d, dreamdust_wishing_well
D:2:      layout_rooms
D:3:      layout_rooms, yredelemnul_altar_generic, lemuel_doored_altar,
          serial_shops, nicolae_shop_hallway_plus,
          minmay_misc_feat_more_columns, chequers_serial_rivers_micro_e,
          st_stairs_4
D:4:      layout_cave_pools, minmay_temple_entry_arrows, uniq_grinder
D:5:      layout_cave_pools, amcnicky_altar_gilded, portal_sewer_entry_c,
          minmay_mini_ossuary, uniq_crazy_yiuf_cottage
D:6:      nicolae_BIG_FREAKIN_CUBE, layout_cave_pools, serial_column_ruins,
          column_ruins_temple_hall, column_ruins_open_medium,
          column_ruins_open_small_water, column_ruins_grid_4,
          column_ruins_open_small, column_ruins_grid_1

Skill      XL: |  1  2  3  4  5  6  7 |
---------------+----------------------+-----
Axes           | 2 3 5 6 |  6.7
Fighting       | 4 |  4.1
Armour         | 4 |  4.3
Invocations    | 3 |  3.4
Shields        | |  3.2

Action                   |  1- 3 |  4- 6 |  7- 9 || total
-------------------------+-------+-------+-------++-------
Melee: War axe           |   108 |    66 |       ||   174
       Broad axe         |       |    36 |    83 ||   119
Invok: Heroism           |       |       |     4 ||     4
  Use: Scroll            |     3 |    10 |     9 ||    22
       Potion            |       |     3 |     1 ||     4
Armor: Scale mail        |    60 |     7 |       ||    67
       Chain mail        |       |    13 |       ||    13
       Plate armour      |       |    39 |    42 ||    81
Dodge: Dodged            |    46 |    35 |    36 ||   117
Block: Buckler           |    20 |    22 |    20 ||    62

Table legend:
 A = Non-vault XP
 B = Vault XP
 C = Vault XP percentage of total XP
 D = Non-vault monster count
 E = Vault monster count
 F = Vault count percentage of total count
                 A         B        C        D         E       F
            +---------+---------+-------+---------+---------+-------
      Total |     903 |     299 |  24.9 |      85 |      14 |  14.1
            +---------+---------+-------+---------+---------+-------
        D:1 |      39 |       0 |   0.0 |      22 |       0 |   0.0
        D:2 |      55 |       0 |   0.0 |      18 |       0 |   0.0
        D:3 |      27 |       4 |  12.9 |       9 |       2 |  18.2
        D:4 |     156 |     277 |  64.0 |      13 |       1 |   7.1
        D:5 |     328 |      18 |   5.2 |      15 |      11 |  42.3
        D:6 |     298 |       0 |   0.0 |       8 |       0 |   0.0
            +---------+---------+-------+---------+---------+-------
